Map: Lerilak Crest

Players

Miltreta - Winner!

  • Race: Terran Terran

A.I. 1 (Easy)

  • Race: Terran Terran

VOD

Have the link to the VOD?

Description

Time

  • Played on: March 9, 2016, 11:27 a.m.
  • Length: 9:12
Show
View Real Time Build Order
Export as new Build Order

Miltreta Terran - Winner!

Build Orders:  

Get SALT Encoding   

  12  0:01  SCV  
  13  0:13  SCV  
  14  0:22  Supply Depot  
  14  0:25  SCV  
  15  0:36  Refinery  
  15  0:46  Barracks  
  15  0:48  SCV  
  16  1:00  SCV  
  17  1:06  Supply Depot  
  17  1:16  SCV  
  17  1:17  Barracks  
  18  1:36  Reaper  
  19  1:41  SCV  
  20  1:49  Refinery  
  20  1:53  SCV  
  21  2:05  SCV  
  21  2:08  Reaper  
  23  2:12  Marine  
  24  2:26  SCV  
  26  2:38  SCV  
  27  2:45  Barracks Tech Lab  
  27  2:48  Command Center  
  26  2:56  Orbital Command  
  26  2:57  Factory  
  26  3:06  Marauder  
  26  3:11  Barracks Reactor  
  28  3:26  Combat Shields  
  28  3:36  Engineering Bay  
  28  3:44  Marauder  
  28  3:47  Reaper  
  30  4:06  Marauder  
  32  4:10  Supply Depot  
  32  4:14  SCV  
  32  4:25  Marine x2  
  32  4:26  SCV  
  35  4:38  SCV  
  36  4:39  Widow Mine  
  38  4:46  Marine x2  
  38  4:49  Concussive Shells  
  38  4:50  SCV  
  41  5:00  Refinery  
  41  5:02  SCV  
  42  5:07  Widow Mine  
  44  5:16  Armory  
  44  5:30  Starport  
  44  6:06  Factory Tech Lab  
  44  6:26  Marine  
  44  6:27  Marine  
  44  6:29  Marauder  
  48  6:44  Marine  
  48  6:45  Marine  
  50  6:51  Marauder  
  49  7:12  Marauder  
  51  7:53  Medivac  
  50  8:23  Medivac  
Show
View Real Time Build Order
Export as new Build Order

A.I. 1 (Easy) Terran 

Build Orders:  

Get SALT Encoding   

  12  0:00  SCV  
  13  0:13  SCV  
  14  0:19  Supply Depot  
  14  0:25  SCV  
  15  0:40  SCV  
  15  0:42  Barracks  
  16  0:46  Refinery  
  16  1:09  Supply Depot  
  16  1:21  Refinery  
  16  1:28  Orbital Command  
  16  1:29  Marine  
  17  1:52  Barracks Tech Lab  
  17  2:11  Marauder  
  17  2:13  Supply Depot  
  17  2:14  SCV  
  20  2:26  SCV  
  21  2:34  Marine  
  22  2:38  SCV  
  23  2:50  SCV  
  24  2:57  Marine  
  25  3:02  SCV  
  26  3:15  SCV  
  27  3:21  Marine  
  28  3:45  Marauder  
  30  4:09  Marauder  
  32  6:46  SCV, Marine  
  34  6:49  Factory  
  34  6:51  Supply Depot  
  34  6:57  Command Center  
  34  7:00  SCV  
  31  7:04  Marine  
  26  7:14  Supply Depot  
  26  7:21  Marine  
  26  7:34  Hellion  
  26  7:36  Starport  
  23  7:48  SCV, Marine  
  23  8:03  Hellion  
  25  8:09  SCV  
  24  8:13  Starport Tech Lab  
  24  8:18  Marine  
  22  8:21  SCV  
  23  8:33  SCV, Hellion  
  21  8:45  SCV  
  21  8:47  Marine  
  21  8:57  SCV  
Tags
 
Add a new tag
Caveats
  • Supply blocks, unpowered buildings, or Contaminate may cause inaccurate times.
  • Supply counts are checked every 10 seconds.